 Dungeon Crawl Stone Soup version 0.19.5 (webtiles) character file.

2077 tidbits the Fighter (level 9, 0/68 HPs)
             Began as a High Elf Wanderer on Oct 29, 2017.
             Was an Initiate of Makhleb.
             Killed by nerve-wracking pain
             ... invoked by tidbits's ghost
              (9 damage)
             ... on level 7 of the Dungeon.
             The game lasted 00:27:16 (2541 turns).

tidbits the Fighter (High Elf Wanderer)             Turns: 2541, Time: 00:27:16

Health: 0/68       AC:  6    Str: 17    XL:     9   Next: 6%
Magic:  0/15       EV: 16    Int: 17    God:    Makhleb [......]
Gold:   231        SH:  0    Dex: 15    Spells: 4 memorised, 10 levels left

rFire  + . .     SeeInvis .     A - +10 mace "Beetlebane" {vamp, MR- Str+3}
rCold  . . .     Gourm    .     j - +0 ring mail
rNeg   . . .     Faith    .     (no shield)
rPois  .         Spirit   +     (no helmet)
rElec  .         Reflect  .     (no cloak)
rCorr  .         Harm     .     (no gloves)
MR     .....                    F - +0 pair of boots
Stlth  +.........               q - amulet of guardian spirit
                                (no ring)
                                v - ring of protection from fire

@: very slightly contaminated, hasted, very quick
A: no striking features
a: Renounce Religion


You were on level 7 of the Dungeon.
You worshipped Makhleb.
Makhleb was noncommittal.
You were not hungry.

You visited 2 branches of the dungeon, and saw 8 of its levels.
You also visited: Sewer.

You collected 231 gold pieces.

Inventory:

Hand Weapons
 a - a +2 dagger
 g - a +0 blowgun
   (You took it off a kobold on level 3 of the Dungeon)
 o - a +0 scythe
   (You took it off Sigmund on level 3 of the Dungeon)
 A - the +10 mace "Beetlebane" (weapon) {vamp, MR- Str+3}
   (You found it on level 4 of the Dungeon)

   It inflicts no extra harm, but heals its wielder when it wounds a living foe.
   It affects your strength (+3).
   It affects your resistance to hostile enchantments.
 E - a +0 shortbow
   (You took it off a centaur on level 5 of the Dungeon)
 O - a +2 falchion of electrocution
   (You found it on level 6 of the Dungeon)
Missiles
 k - 5 javelins (quivered)
 l - 44 sling bullets
 m - 93 arrows
 n - 12 poisoned needles
 s - 69 stones
 D - 5 tomahawks
 M - 7 tomahawks of returning
Armour
 e - a +0 robe
 j - a +0 ring mail (worn)
   (You found it on level 1 of the Dungeon)
 F - a +0 pair of boots (worn)
   (You found it on level 3 of the Dungeon)
 I - a +1 plate armour of magic resistance
   (You found it on level 7 of the Dungeon)
Magical Staves
 P - an uncursed staff of earth {unknown}
   (You found it on level 6 of the Dungeon)
Jewellery
 q - an amulet of guardian spirit (around neck)
   (You found it on level 1 of the Dungeon)
 v - a ring of protection from fire (left hand)
   (You found it on level 3 of the Dungeon)
 C - an uncursed ring of fire
   (You found it on level 4 of the Dungeon)
Scrolls
 i - a scroll of enchant armour {unknown}
 r - 2 scrolls of remove curse
 t - a scroll of random uselessness {unknown}
 w - a scroll of teleportation {unknown}
 y - a scroll of recharging
 z - 3 scrolls of magic mapping
 G - a scroll of fog {unknown}
 J - a scroll of enchant weapon {unknown}
 K - a scroll of noise {unknown}
Potions
 b - a potion of heal wounds
 p - a potion of haste
 u - a potion of magic
 x - a potion of flight
 B - a potion of lignification
Books
 c - the Guide on Earth

   Spells                             Type                      Level
   a - Sandblast                      Earth                        1
   b - Stone Arrow                    Conjuration/Earth            3
 d - the Handbook of Evil Arts

   Spells                             Type                      Level
   a - Corpse Rot                     Necromancy                   2
   b - Sublimation of Blood           Necromancy                   2
 h - a book of Cantrips
   (You found it on level 6 of the Dungeon)

   Spells                             Type                      Level
   a - Confusing Touch                Hexes                        1
   b - Animate Skeleton               Necromancy                   1
   c - Summon Small Mammal            Summoning                    1
   d - Apportation                    Translocation                1
Comestibles
 f - 3 bread rations
 H - 2 meat rations
 L - a royal jelly


   Skills:
 - Level 9.3 Fighting
 - Level 2.0 Staves
 - Level 8.1 Dodging
 - Level 2.1 Stealth
 + Level 3.7 Spellcasting
 - Level 1.0 Necromancy
 + Level 0.2 Translocations
 - Level 1.0 Earth Magic


You had 10 spell levels left.
You knew the following spells:

 Your Spells              Type           Power        Failure   Level  Hunger
a - Sandblast             Erth           #.....       24%         1    None
b - Apportation           Tloc           #.........   30%         1    None
n - Animate Skeleton      Necr           N/A          24%         1    None
C - Corpse Rot            Necr           N/A          34%         2    ##.....


Dungeon Overview and Level Annotations

Branches:
Dungeon (7/15)             Temple (1/1) D:5

Altars:
Dithmenos
Gozag
Hepliaklqana
Kikubaaqudgha
Makhleb
Nemelex Xobeh
Okawaru
Qazlal
Sif Muna
Trog
Yredelemnul
The Shining One

Annotations:
D:3 6 exclusions
D:7 tidbits's ghost, novice HENe


Message History

You throw a javelin.
The javelin hits tidbits's ghost but does no damage.
Tidbits's ghost gestures at you while chanting.
Pain shoots through your body!
Throwing (i - inventory. (,) - cycle):
k - 8 javelins (quivered)
Press: ? - help, Shift-Dir - straight line, f/p - tidbits's ghost
Aim: tidbits's ghost You throw a javelin.
The javelin hits tidbits's ghost.
Tidbits's ghost is lightly damaged.
Throwing (i - inventory. (,) - cycle):
k - 7 javelins (quivered)
Press: ? - help, Shift-Dir - straight line, f/p - tidbits's ghost
Aim: tidbits's ghost (lightly damaged)
You throw a javelin.
The javelin hits tidbits's ghost but does no damage.
Tidbits's ghost is lightly damaged.
Throwing (i - inventory. (,) - cycle):
k - 6 javelins (quivered)
Press: ? - help, Shift-Dir - straight line, f/p - tidbits's ghost
Aim: tidbits's ghost (lightly damaged)
You throw a javelin.
The javelin barely misses tidbits's ghost.
You feel yourself speed up. Tidbits's ghost hits you.
You are very lightly contaminated with residual magic.
You thump tidbits's ghost!
Tidbits's ghost is lightly damaged.
Tidbits's ghost casts a spell at you.
You barely resist.
You hit tidbits's ghost but do no damage.
Tidbits's ghost is lightly damaged.
Tidbits's ghost closely misses you.
All of the chunks of flesh in your inventory have rotted away.
You sock tidbits's ghost!
Tidbits's ghost is moderately damaged.
Tidbits's ghost whispers, "Meet the emptiness of death!"
Tidbits's ghost barely misses you.
You sock tidbits's ghost!
Tidbits's ghost is heavily damaged.
Tidbits's ghost hits you but does no damage.
You closely miss tidbits's ghost.
Tidbits's ghost is heavily damaged.
Tidbits's ghost closely misses you.
You sock tidbits's ghost!
Tidbits's ghost is heavily damaged.
Tidbits's ghost shouts, "Death is your only future!"
Tidbits's ghost points at you and mumbles some strange words.
Pain shoots through your body!
You hit tidbits's ghost.
Tidbits's ghost is severely damaged.
Tidbits's ghost casts a spell at you. Pain shoots through your body!
* * * LOW HITPOINT WARNING * * *
You sock tidbits's ghost!
Tidbits's ghost is severely damaged.
You hit tidbits's ghost.
Tidbits's ghost is almost destroyed.
Tidbits's ghost completely misses you.
Your ring mail prevents you from hitting tidbits's ghost.
Tidbits's ghost is almost destroyed.
Tidbits's ghost says, "Missed me!"
Tidbits's ghost misses you.
You hit tidbits's ghost but do no damage.
Tidbits's ghost is severely damaged.
Tidbits's ghost gestures at you while chanting.
Pain shoots through your body!
* * * LOW HITPOINT WARNING * * *
You hit tidbits's ghost.
Tidbits's ghost is almost destroyed.
Tidbits's ghost casts a spell at you. Pain shoots through your body!
* * * LOW HITPOINT WARNING * * *
You hit tidbits's ghost but do no damage.
Tidbits's ghost is almost destroyed.
Tidbits's ghost misses you.
You closely miss tidbits's ghost.
Tidbits's ghost is severely damaged.
You thump tidbits's ghost!
Tidbits's ghost is almost destroyed.
Tidbits's ghost gestures at you while chanting.
Pain shoots through your body!
* * * LOW HITPOINT WARNING * * *
You hit tidbits's ghost.
Tidbits's ghost is almost destroyed.
Tidbits's ghost points at you and mumbles some strange words.
Pain shoots through your body!
* * * LOW HITPOINT WARNING * * *
You barely miss tidbits's ghost.
Tidbits's ghost is almost destroyed.
Tidbits's ghost casts a spell at you.
You barely resist.
You hit tidbits's ghost but do no damage.
Tidbits's ghost is almost destroyed.
Tidbits's ghost hits you.
* * * LOW HITPOINT WARNING * * *
You hit tidbits's ghost but do no damage.
Tidbits's ghost is almost destroyed.
Tidbits's ghost misses you.
You hit tidbits's ghost.
Tidbits's ghost is almost destroyed.
Tidbits's ghost gestures at you while chanting.
Pain shoots through your body!
You die...

########
##......#
##.#.###.#
#@###.##.#
.(((.(W##
#.#.#
(#...##
##.####
##$ #....#
# ####.#
#.# #.#
#.# #.#


You could see tidbits's ghost.

Vanquished Creatures
  Pikel (D:6)
  A hippogriff (D:5)
  Sigmund (D:3)
  Purgy (Sewer)
  A sky beast (D:7)
  A slave (D:6)
  A phantom (D:4)
  A centaur (D:5)
  The ghost of tidbits the Slasher, an amateur HEWn (D:4)
  2 bullfrogs
  A water moccasin zombie (D:6)
  A bullfrog zombie (D:5)
  A centaur zombie (D:6)
  A quasit (D:5)
  A jelly (D:6)
  2 orc priests (D:5)
  4 hounds
  Ijyb (D:3)
  2 iguanas
  2 orc wizards (D:6)
  3 worker ants
  A hound skeleton (D:6)
  A worker ant zombie (D:5)
  3 gnolls (D:5)
  7 adders
  An ooze (D:3)
  2 worms (D:3)
  A dart slug (D:5)
  8 leopard geckos
  6 orcs
  3 ball pythons
  5 bats
  3 giant cockroaches (D:3)
  5 hobgoblins (D:3)
  8 jackals
  3 frilled lizards
  5 goblins
  4 hobgoblin zombies (D:5)
  A jackal skeleton (D:5)
  3 kobolds
  A kobold zombie (D:5)
  A leopard gecko zombie (D:5)
  A quokka zombie (D:6)
  5 rats
108 creatures vanquished.

Notes
Turn   | Place    | Note
-------+----------+-------------------------------------------
     0 | D:1      | tidbits the High Elf Wanderer began the quest for the Orb.
     0 | D:1      | tidbits set off with: a +2 dagger, a potion of heal wounds, the Guide on Earth, the Handbook of Evil Arts, a +0 robe, a bread ration
     0 | D:1      | Reached XP level 1. HP: 11/11 MP: 6/6
     0 | D:1      | Identified the Guide on Earth
     0 | D:1      | Identified the Handbook of Evil Arts
     2 | D:1      | Learned a level 1 spell: Sandblast
   125 | D:1      | Reached skill level 1 in Fighting
   144 | D:2      | Reached skill level 2 in Fighting
   144 | D:2      | Reached XP level 2. HP: 9/19 MP: 7/7
   261 | D:1      | Learned a level 2 spell: Corpse Rot
   687 | D:3      | Reached XP level 3. HP: 20/25 MP: 9/9
   793 | D:3      | Reached skill level 3 in Fighting
   838 | D:3      | Reached XP level 4. HP: 19/32 MP: 8/10
   936 | D:3      | Noticed Sigmund
   945 | D:3      | Noticed Ijyb
   958 | D:3      | Killed Sigmund
   958 | D:3      | Reached skill level 5 in Fighting
   958 | D:3      | Reached XP level 5. HP: 24/41 MP: 6/11
   967 | D:3      | Killed Ijyb
  1065 | D:3      | Reached XP level 6. HP: 44/46 MP: 12/12
  1114 | D:3      | Found a glowing drain.
  1166 | Sewer    | Entered a sewer
  1203 | Sewer    | Noticed Purgy
  1221 | Sewer    | Killed Purgy
  1221 | Sewer    | Reached skill level 6 in Fighting
  1221 | Sewer    | Reached skill level 2 in Dodging
  1403 | D:4      | Got a steaming mace
  1407 | D:4      | Identified the +10 mace "Beetlebane" {vamp, MR- Str+3} (You found it on level 4 of the Dungeon)
  1418 | D:5      | Entered Level 5 of the Dungeon
  1425 | D:5      | Reached skill level 3 in Dodging
  1544 | D:4      | Reached XP level 7. HP: 50/53 MP: 13/13
  1562 | D:4      | Found a basalt altar of Yredelemnul.
  1563 | D:4      | Found a bloodstained altar of Trog.
  1572 | D:4      | Noticed tidbits's ghost (amateur HEWn)
  1587 | D:4      | Killed tidbits's ghost
  1587 | D:4      | Reached skill level 4 in Dodging
  1633 | D:5      | Noticed a hippogriff
  1643 | D:5      | Killed a hippogriff
  1643 | D:5      | Reached skill level 7 in Fighting
  1686 | D:5      | Reached skill level 5 in Dodging
  1765 | D:5      | Found a glowing golden altar of the Shining One.
  1774 | D:5      | Reached XP level 8. HP: 50/60 MP: 14/14
  1882 | D:6      | Found a shadowy altar of Dithmenos.
  1978 | D:7      | Reached skill level 8 in Fighting
  1978 | D:7      | Reached skill level 6 in Dodging
  2203 | D:5      | Found a staircase to the Ecumenical Temple.
  2211 | Temple   | Entered the Ecumenical Temple
  2219 | Temple   | Became a worshipper of Makhleb the Destroyer
  2324 | D:6      | Reached skill level 7 in Dodging
  2353 | D:6      | Noticed Pikel
  2381 | D:6      | Killed Pikel
  2381 | D:6      | Reached skill level 9 in Fighting
  2381 | D:6      | Reached skill level 8 in Dodging
  2381 | D:6      | Reached XP level 9. HP: 56/68 MP: 11/15
  2443 | D:6      | Learned a level 1 spell: Animate Skeleton
  2445 | D:6      | Learned a level 1 spell: Apportation
  2515 | D:7      | Noticed tidbits's ghost (novice HENe)
  2541 | D:7      | Killed from afar by tidbits's ghost

Skill      XL: |  1  2  3  4  5  6  7  8 |
---------------+-------------------------+-----
Fighting       | 2 3 5 6 7 9 |  9.3
Dodging        | 3 5 8 |  8.1
Staves         | |  2.0
Stealth        | |  2.1
Spellcasting   | |  3.7
Necromancy     | |  1.0
Translocations | |  0.2
Earth Magic    | |  1.0

Action                   |  1- 3 |  4- 6 |  7- 9 || total
-------------------------+-------+-------+-------++-------
Melee: Dagger            |    39 |    72 |       ||   111
       Mace              |       |    10 |   172 ||   182
 Fire: Blowgun           |       |     4 |       ||     4
Throw: Javelin           |    20 |    52 |    14 ||    86
       Throwing net      |       |     1 |       ||     1
 Cast: Sandblast         |     4 |    15 |       ||    19
  Use: Potion            |       |     5 |     3 ||     8
       Scroll            |       |       |     7 ||     7
 Stab: Sleeping          |     1 |       |     3 ||     4
       Held in net/web   |       |     2 |       ||     2
  Eat: Chunk             |       |     3 |     4 ||     7
       Bread ration      |       |     1 |       ||     1
Armor: Robe              |     3 |       |       ||     3
       Ring mail         |    11 |    55 |    44 ||   110
Dodge: Dodged            |    29 |    88 |   145 ||   262

Table legend:
 A = Turns spent in this place as a percentage of turns spent in the entire game.
 B = Non-inter-level travel turns spent in this place as a percentage of non-inter-level travel turns spent in the entire game.
 C = Inter-level travel turns spent in this place as a percentage of turns spent in this place.
 D = Turns resting spent in this place as a percentage of non-inter-level travel turns spent in this place.
 E = Turns spent auto-exploring this place as a percentage of non-inter-level travel turns spent in this place.
 F = Non-inter-level travel turns spent in this place divided by the number of levels of this place that you've seen.
                   A       B       C       D       E      F
               +-------+-------+-------+-------+-------+----------------------
         Total | 100.0 | 100.0 |   0.0 |   0.0 |   0.0 | 273.7
       Dungeon |  95.2 |  95.2 |   0.0 |   0.0 |   0.0 | 334.9
        Temple |   0.6 |   0.6 |   0.0 |   0.0 |   0.0 |  16.0
         Sewer |   4.2 |   4.2 |   0.0 |   0.0 |   0.0 | 103.0
               +-------+-------+-------+-------+-------+----------------------

Table legend:
 A = Kills in this place as a percentage of kills in entire the game.
 B = Kills by you in this place as a percentage of kills by you in the entire game.
 C = Kills by friends in this place as a percentage of kills by friends in the entire game.
 D = Other kills in this place as a percentage of other kills in the entire game.
 E = Experience gained in this place as a percentage of experience gained in the entire game.
 F = Experience gained in this place divided by the number of levels of this place that you have seen.
                   A       B       C       D       E      F
               +-------+-------+-------+-------+-------+----------------------
         Total | 100.0 | 100.0 |  -nan |  -nan | 100.0 | 329.8
       Dungeon |  95.3 |  95.3 |  -nan |  -nan |  94.8 | 402.0
         Sewer |   4.7 |   4.7 |  -nan |  -nan |   5.2 | 154.0
               +-------+-------+-------+-------+-------+----------------------

Vault maps used:
D:1:      minmay_arrival_radiant_lines
D:2:      lemuel_crystal_altar
D:3:      gup_sewer_entry_pipe, uniq_iyjb, uniq_sigmund, uniq_robin
D:4:      grunt_temple_overflow_open, makhleb_heckhound_becter, uniq_grinder
D:5:      minmay_temple_entry_glassed_door, first_bread,
          nicolae_tso_besieged_by_evil
D:6:      nicolae_dithmenos_through_a_glass_darkly, uniq_pikel, uniq_menkaure
D:7:      marbit_many_paths, vehumet_crystals
Temple:   cyrus_circular_temple
Sewer:    sewer_co_purgy_island
